Map: Jagannatha LE

Players

A.I. 1 (Very Easy) - Winner!

  • Race: Zerg Zerg
  • Spawn Location: 1:00

Beastyqt

  • Race: Terran Terran
  • League: Master
  • Spawn Location: 7:00

VOD

Have the link to the VOD?

Description

Time

  • Played on: Jan. 20, 2021, 12:21 p.m.
  • Length: 8:18
Show
View Real Time Build Order
Export as new Build Order

A.I. 1 (Very Easy) Zerg - Winner!

Build Orders: Pool First 

Get SALT Encoding   

  12  0:00  Drone  
  13  0:12  Overlord  
  13  0:16  Drone  
  14  0:36  Spawning Pool  
  14  0:38  Extractor  
  14  0:39  Drone  
  13  0:47  Drone  
  14  0:52  Overlord  
  14  1:23  Queen, Zergling x2  
  17  1:31  Roach Warren  
  16  1:35  Drone  
  16  1:38  Extractor  
  16  1:42  Zergling x2  
  16  1:43  Drone  
  18  1:56  Drone  
  19  2:02  Zergling x2  
  19  2:07  Drone  
  21  2:18  Drone  
  22  2:28  Drone  
  23  2:31  Overlord  
  23  2:36  Drone  
  24  2:43  Drone  
  25  5:53  Roach, Drone  
  25  5:54  Lair  
  28  6:00  Drone  
  29  6:07  Drone  
  29  6:09  Overlord  
  30  6:14  Drone  
  29  6:22  Drone  
  29  6:29  Drone  
  30  6:33  Ravager  
  30  6:34  Zergling x2  
  32  6:54  Overseer x2  
  32  7:14  Roach  
  34  7:16  Hatchery  
Show
View Real Time Build Order
Export as new Build Order

Beastyqt Terran 

Build Orders: Reaper Expand, Hellion Banshee, Mech 

Get SALT Encoding   

  12  0:00  SCV  
  13  0:12  SCV  
  14  0:17  Supply Depot  
  14  0:24  SCV  
  15  0:39  SCV  
  15  0:40  Barracks  
  16  0:45  Refinery  
  16  0:51  SCV  
  17  1:03  SCV  
  18  1:15  SCV  
  19  1:27  Orbital Command  
  19  1:28  Reaper  
  20  1:41  Command Center  
  20  1:53  SCV  
  21  1:55  Supply Depot  
  21  2:00  Marine  
  22  2:05  SCV  
  23  2:17  SCV  
  23  2:18  Factory  
  23  2:22  Barracks Reactor  
  24  2:29  SCV  
  25  2:37  Command Center  
  25  2:41  SCV  
  26  2:52  Orbital Command  
  26  2:54  SCV  
  27  3:06  SCV  
  27  3:07  Hellion x2  
  27  3:11  Starport  
  32  3:18  SCV  
  32  3:19  SCV, Refinery  
  34  3:22  Barracks Tech Lab  
  34  3:28  Hellion  
  34  3:30  SCV  
  34  3:32  Hellion  
  34  3:33  SCV  
  40  3:42  SCV  
  40  3:45  SCV  
  42  3:50  Orbital Command, Hellion  
  42  3:53  Hellion  
  42  3:54  SCV  
  47  3:57  SCV  
  47  3:59  Banshee  
  51  4:04  Cloaking Field  
  51  4:06  SCV  
  51  4:09  SCV  
  52  4:12  Hellion, Supply Depot  
  52  4:15  Hellion  
  56  4:19  SCV  
  56  4:22  Orbital Command, SCV  
  58  4:27  Supply Depot  
  58  4:28  Armory  
  58  4:31  SCV  
  59  4:34  SCV  
  59  4:36  Hellion  
  59  4:37  Hellion  
  64  4:40  Refinery  
  64  4:41  Refinery  
  64  4:43  SCV, Banshee  
  68  4:46  SCV  
  68  4:49  SCV  
  68  4:51  Supply Depot  
  70  4:55  SCV, Supply Depot  
  70  4:57  Hellion  
  70  4:58  SCV  
  76  5:00  Hellion  
  76  5:02  SCV  
  77  5:12  SCV x2  
  77  5:14  Barracks Tech Lab, SCV, Supply Depot  
  80  5:22  Hellion x2, Supply Depot  
  80  5:24  SCV x2  
  80  5:26  Banshee  
  89  5:30  SCV  
  90  5:35  Factory  
  90  5:36  SCV  
  90  5:38  Factory  
  90  5:41  SCV  
  90  5:42  SCV, Armory  
  93  5:45  Barracks Reactor  
  93  5:47  Supply Depot  
  93  5:49  SCV, Supply Depot  
  94  5:53  SCV  
  94  5:54  SCV  
  94  5:56  Hellion x2  
  92  5:59  Refinery  
  92  6:00  Refinery  
  92  6:01  SCV  
  85  6:05  SCV  
  85  6:06  SCV  
  87  6:13  Engineering Bay, SCV  
  87  6:17  Factory, SCV  
  90  6:18  SCV  
  90  6:19  Factory  
  90  6:25  SCV  
  91  6:28  Supply Depot  
  91  6:30  Siege Tank x2  
  91  6:32  SCV, Supply Depot  
  98  6:33  SCV  
  98  6:37  SCV  
  99  6:44  SCV  
  99  6:45  SCV  
  101  6:52  SCV  
  101  6:53  Supply Depot  
  102  6:54  Hellion  
  102  6:55  Hellion, Command Center  
  102  6:56  SCV  
  102  6:57  Starport Reactor  
  102  7:00  SCV  
  108  7:03  Factory Tech Lab, Siege Tank x2  
  108  7:05  SCV  
  108  7:08  Missile Turret x2  
  115  7:11  Missile Turret  
  115  7:13  Sensor Tower  
  115  7:15  SCV  
  115  7:19  SCV x2  
  115  7:21  Siege Tank  
  121  7:27  Supply Depot  
  121  7:28  SCV, Hellion x2  
  126  7:31  SCV  
  126  7:32  Hellion x2  
  134  7:37  Viking x2  
  134  7:38  SCV  
  134  7:42  Missile Turret  
  136  7:44  SCV x2  
  136  7:46  Refinery  
  136  7:48  Refinery  
  136  7:50  SCV  
  142  7:56  SCV, Hellion  
  142  7:57  SCV  
Tags
 
Add a new tag
Caveats
  • Supply blocks, unpowered buildings, or Contaminate may cause inaccurate times.
  • Supply counts are checked every 10 seconds.